Adelaide Pink Elephants vs Newfoundland Shamrocks
Created - Wednesday, August 23, 2023 at 06:20
Goals
|
| Adelaide Pink Elephants |
0 |
4 |
0 |
4 |
| Newfoundland Shamrocks |
0 |
0 |
2 |
2 |
|
Shots
|
| Adelaide Pink Elephants |
12 |
14 |
5 |
31 |
| Newfoundland Shamrocks |
9 |
3 |
13 |
25 |
|
1st period
No Goal
Penalties :
Adam Gaudette (APE) for Hooking (Minor) at 5:56, William Villeneuve (NFS) for Fighting (Major) at 10:06, Nick Cicek (APE) for Fighting (Major) at 10:06
2nd period
1. Adelaide Pink Elephants , Axel Jonsson-Fjallby 1 (Ryan Suzuki 1) at 2:18
2. Adelaide Pink Elephants , Ryan Suzuki 1 (Ville Heinola 1, Axel Jonsson-Fjallby 1) at 8:29
3. Adelaide Pink Elephants , Tyson Foerster 1 (Matthew Phillips 1) at 15:36
4. Adelaide Pink Elephants , Matthew Phillips 1 (Zachary Jones 1, Tyson Foerster 1) at 16:40 (PP)
Penalties :
Peter Abbandonato (NFS) for Fighting (Major) at 0:09, Adam Gaudette (APE) for Fighting (Major) at 0:09, Maxime Comtois (NFS) for High sticking (Minor) at 8:51, Nicolas Deslauriers (NFS) for Boarding (Minor) at 15:39, Axel Jonsson-Fjallby (APE) for Slashing (Minor) at 17:29, Robert Bortuzzo (NFS) for Fighting (Major) at 19:50, Nick Cicek (APE) for Fighting (Major) at 19:50, Tyson Foerster (APE) for Holding (Minor) at 19:59
3rd period
5. Newfoundland Shamrocks , Maxime Comtois 1 (Alex Chiasson 1, Dylan Coghlan 1) at 4:47
6. Newfoundland Shamrocks , Alex Galchenyuk 1 (Semyon Der-Arguchintsev 1, Tanner Laczynski 1) at 16:37
Penalties :
Alex Galchenyuk (NFS) for Interference (Minor) at 2:35, Raphael Lavoie (NFS) for Fighting (Major) at 6:29, Ville Heinola (APE) for Fighting (Major) at 6:29, Nicolas Deslauriers (NFS) for Tripping (Minor) at 8:25, AJ Greer (APE) for Interference (Minor) at 12:50, William Dufour (NFS) for Fighting (Major) at 17:53, AJ Greer (APE) for Fighting (Major) at 17:53
Goalie Stats
Dustin Wolf (APE), 23 saves from 25 shots - (0.920), W, 1-0-0, 60:00 minutes
Casey DeSmith (NFS), 27 saves from 31 shots - (0.871), L, 0-1-0, 60:00 minutes
Players Stats for Adelaide Pink Elephants
Player Name G A P +/- PIM S H SB GA TA FO MP PP MP PK MP
------------------------------------------------------------------------------------
Aatu Raty 0 0 0 -1 0 2 1 2 0 0 2/4 10:52 0:53 0:00
Adam Gaudette 0 0 0 0 7 1 2 1 0 0 5/14 16:37 3:07 2:46
AJ Greer 0 0 0 0 7 4 1 3 0 0 2/4 18:12 2:34 3:06
Akil Thomas 0 0 0 -1 0 1 0 0 0 0 0/1 12:28 0:07 2:03
Axel Jonsson-Fjallby 1 1 2 1 2 2 1 0 1 0 0/0 11:50 0:00 0:00
Benjamin Gleason 0 0 0 -1 0 0 1 1 0 0 0/0 17:02 0:47 1:05
Denis Gurianov 0 0 0 0 0 0 0 0 1 0 2/5 18:12 3:07 3:58
Fredrik Olofsson 0 0 0 1 0 3 3 0 1 0 0/0 15:14 3:32 0:09
Jacob Bernard-Docker 0 0 0 0 0 2 0 0 0 1 0/0 20:48 3:17 3:53
Matthew Phillips 1 1 2 1 0 5 2 0 0 0 17/21 19:32 3:27 3:50
Nick Cicek 0 0 0 0 10 1 0 1 0 0 0/0 16:24 2:00 2:48
Robin Salo 0 0 0 -1 0 2 2 2 0 0 0/0 21:47 1:25 0:14
Ryan Suzuki 1 1 2 1 0 2 2 0 1 0 3/8 11:46 0:00 0:00
Tristen Robins 0 0 0 1 0 1 3 0 0 0 1/1 11:46 0:00 0:00
Tyler Madden 0 0 0 -1 0 0 1 1 0 0 0/0 9:20 0:26 0:00
Tyson Foerster 1 1 2 1 2 2 1 0 1 0 0/0 16:09 3:41 0:00
Ville Heinola 0 1 1 2 5 1 1 1 0 1 0/0 19:51 2:39 3:49
Zachary Jones 0 1 1 2 0 2 0 1 0 1 0/0 24:05 3:48 4:03
Players Stats for Newfoundland Shamrocks
Player Name G A P +/- PIM S H SB GA TA FO MP PP MP PK MP
------------------------------------------------------------------------------------
Alec Regula 0 0 0 2 0 0 1 0 0 0 0/0 16:01 0:00 3:35
Alex Chiasson 0 1 1 1 0 2 0 0 0 0 1/1 18:01 4:00 0:00
Alex Galchenyuk 1 0 1 1 2 2 1 0 0 0 0/0 13:29 4:08 0:00
Drew O'Connor 0 0 0 -1 0 1 1 1 1 0 0/3 14:36 0:00 3:04
Dylan Coghlan 0 1 1 1 0 1 1 4 0 0 0/0 19:10 0:00 3:35
Ilya Solovyov 0 0 0 1 0 1 0 0 0 0 0/0 17:52 4:08 0:12
Jon Merrill 0 0 0 -3 0 1 2 1 0 0 0/0 21:40 0:00 3:23
Josh Archibald 0 0 0 -2 0 4 1 1 0 0 0/1 16:56 0:00 3:28
Maxime Comtois 1 0 1 1 2 4 4 0 1 2 2/2 17:45 4:00 0:18
Nicolas Deslauriers 0 0 0 -2 4 3 5 0 0 0 1/1 17:23 3:53 0:21
Peter Abbandonato 0 0 0 -1 5 0 1 1 0 0 5/9 15:01 0:06 3:31
Raphael Lavoie 0 0 0 0 5 2 2 1 0 0 7/19 16:32 4:00 0:00
Robert Bortuzzo 0 0 0 -3 5 0 0 0 0 1 0/0 18:26 0:00 2:13
Samuel Poulin 0 0 0 -1 0 1 2 0 0 1 6/13 14:29 3:53 0:02
Semyon Der-Arguchintsev 0 1 1 1 0 1 1 0 1 0 2/4 12:37 3:48 0:08
Tanner Laczynski 0 1 1 1 0 1 1 0 0 0 1/2 11:22 0:03 3:04
William Dufour 0 0 0 -1 5 1 3 1 0 1 1/3 14:09 3:53 0:00
William Villeneuve 0 0 0 0 5 0 0 0 0 0 0/0 17:24 3:48 0:58
3 Stars
1 - Ryan Suzuki (APE)
2 - Matthew Phillips (APE)
3 - Axel Jonsson-Fjallby (APE)
Power Play
Adelaide Pink Elephants - 1 on 4 Attempt(s) - 25.00%
Newfoundland Shamrocks - 0 on 4 Attempt(s) - 0.00%
Penalty Kill
Adelaide Pink Elephants - 4 on 4 Attempt(s) - 100.00%
- Score 0 goal in Penalty Kill
Newfoundland Shamrocks - 3 on 4 Attempt(s) - 75.00%
- Score 0 goal in Penalty Kill
Team Stat
Adelaide Pink Elephants - Hits : 21 - Faceoff Wins : 32 - Blocked Shots : 13 - Penalty Minutes : 33
Newfoundland Shamrocks - Hits : 26 - Faceoff Wins : 26 - Blocked Shots : 10 - Penalty Minutes : 33
Official
Referees : Kendrick Nicholson and Tom Chmielewski
Linesman : Andy McElman and Derek Nansen
Game Notes
William Villeneuve and Nick Cicek fight to a draw at 10:06 of 1st period
Adam Gaudette beats up Peter Abbandonato at 0:09 of 2nd period
Nick Cicek beats up Robert Bortuzzo at 19:50 of 2nd period
Raphael Lavoie and Ville Heinola fight to a draw at 6:29 of 3rd period
William Dufour beats up AJ Greer at 17:53 of 3rd period
Adelaide Pink Elephants
5 vs 5 Forward
Center Left Wing Right Wing Time % Phy DF OF
1 Adam Gaudette Denis Gurianov AJ Greer 30 1 2 2
2 Matthew Phillips Fredrik Olofsson Tyson Foerster 30 1 2 2
3 Ryan Suzuki Axel Jonsson-Fjallby Tristen Robins 25 1 2 2
4 Aatu Raty Akil Thomas Tyler Madden 15 1 2 2
5 vs 5 Defense
Defense Defense Time % Phy DF OF
1 Nick Cicek Jacob Bernard-Docker 35 1 2 2
2 Zachary Jones Ville Heinola 35 1 2 2
3 Robin Salo Benjamin Gleason 30 1 2 2
4 Nick Cicek Jacob Bernard-Docker 0 1 2 2
PowerPlay Forward
Center Left Wing Right Wing Time % Phy DF OF
1 Adam Gaudette Denis Gurianov AJ Greer 50 1 2 2
2 Matthew Phillips Fredrik Olofsson Tyson Foerster 50 1 2 2
PowerPlay Defense
Defense Defense Time % Phy DF OF
1 Nick Cicek Jacob Bernard-Docker 50 1 2 2
2 Zachary Jones Ville Heinola 50 1 2 2
Penalty Kill 4 Players Forward
Center Wing Time % Phy DF OF
1 Denis Gurianov Adam Gaudette 50 1 2 2
2 Matthew Phillips AJ Greer 50 1 2 2
Penalty Kill 4 Players Defense
Defense Defense Time % Phy DF OF
1 Nick Cicek Jacob Bernard-Docker 50 1 2 2
2 Zachary Jones Ville Heinola 50 1 2 2
Penalty Kill - 3 Players Forward
Forward Time % Phy DF OF
1 Denis Gurianov 50 1 2 2
2 Adam Gaudette 50 1 2 2
Penalty Kill - 3 Players Defense
Defense Defense Time % Phy DF OF
1 Nick Cicek Jacob Bernard-Docker 50 1 2 2
2 Zachary Jones Ville Heinola 50 1 2 2
4 vs 4 Forward
Center Wing Time % Phy DF OF
1 Denis Gurianov Adam Gaudette 50 1 2 2
2 Matthew Phillips AJ Greer 50 1 2 2
4 vs 4 Defense
Defense Defense Time % Phy DF OF
1 Nick Cicek Jacob Bernard-Docker 50 1 2 2
2 Zachary Jones Ville Heinola 50 1 2 2
Last Minutes Offensive
Center Left Wing Right Wing Defense Defense
Adam Gaudette Denis Gurianov AJ Greer Nick Cicek Jacob Bernard-Docker
Last Minutes Defensive
Center Left Wing Right Wing Defense Defense
Adam Gaudette Denis Gurianov AJ Greer Nick Cicek Jacob Bernard-Docker
Goaltenders
Starting : Dustin Wolf
Backup : Matthew Murray
Extra Forwards
Normal : Aatu Raty, Tyler Madden, Akil Thomas - PP : Aatu Raty, Tyler Madden - PK : Akil Thomas
Extra Defensemen
Normal : Robin Salo, Benjamin Gleason, Zachary Jones - PP : Robin Salo - PK : Benjamin Gleason, Zachary Jones
Penalty Shots
Denis Gurianov, Adam Gaudette, Matthew Phillips, AJ Greer, Ryan Suzuki
Newfoundland Shamrocks
5 vs 5 Forward
Center Left Wing Right Wing Time % Phy DF OF
1 Raphael Lavoie Maxime Comtois Alex Chiasson 30 1 2 2
2 Peter Abbandonato Nicolas Deslauriers Josh Archibald 30 1 2 2
3 Samuel Poulin Drew O'Connor William Dufour 25 1 2 2
4 Semyon Der-Arguchintsev Alex Galchenyuk Tanner Laczynski 15 1 2 2
5 vs 5 Defense
Defense Defense Time % Phy DF OF
1 Jon Merrill Robert Bortuzzo 30 1 2 2
2 Dylan Coghlan William Villeneuve 30 1 2 2
3 Alec Regula Ilya Solovyov 25 1 2 2
4 Jon Merrill Robert Bortuzzo 15 1 2 2
PowerPlay Forward
Center Left Wing Right Wing Time % Phy DF OF
1 Raphael Lavoie Maxime Comtois Alex Chiasson 50 1 2 2
2 Samuel Poulin Nicolas Deslauriers William Dufour 50 1 2 2
PowerPlay Defense
Defense Defense Time % Phy DF OF
1 Ilya Solovyov Alex Galchenyuk 50 1 2 2
2 Semyon Der-Arguchintsev William Villeneuve 50 1 2 2
Penalty Kill 4 Players Forward
Center Wing Time % Phy DF OF
1 Peter Abbandonato Josh Archibald 50 1 2 2
2 Tanner Laczynski Drew O'Connor 50 1 2 2
Penalty Kill 4 Players Defense
Defense Defense Time % Phy DF OF
1 Jon Merrill Robert Bortuzzo 50 1 2 2
2 Dylan Coghlan Alec Regula 50 1 2 2
Penalty Kill - 3 Players Forward
Forward Time % Phy DF OF
1 Josh Archibald 50 1 2 2
2 Drew O'Connor 50 1 2 2
Penalty Kill - 3 Players Defense
Defense Defense Time % Phy DF OF
1 Jon Merrill Robert Bortuzzo 50 1 2 2
2 Dylan Coghlan Alec Regula 50 1 2 2
4 vs 4 Forward
Center Wing Time % Phy DF OF
1 Raphael Lavoie Alex Chiasson 50 1 2 2
2 Samuel Poulin Maxime Comtois 50 1 2 2
4 vs 4 Defense
Defense Defense Time % Phy DF OF
1 Jon Merrill Robert Bortuzzo 50 1 2 2
2 Ilya Solovyov Alex Galchenyuk 50 1 2 2
Last Minutes Offensive
Center Left Wing Right Wing Defense Defense
Raphael Lavoie Maxime Comtois Alex Chiasson Jon Merrill Dylan Coghlan
Last Minutes Defensive
Center Left Wing Right Wing Defense Defense
Tanner Laczynski Drew O'Connor Josh Archibald Jon Merrill Robert Bortuzzo
Goaltenders
Starting : Casey DeSmith
Backup : Mackenzie Blackwood
Extra Forwards
Normal : Josh Archibald, Alex Chiasson, Nicolas Deslauriers - PP : Peter Abbandonato, Tanner Laczynski - PK : Nicolas Deslauriers
Extra Defensemen
Normal : Dylan Coghlan, Jon Merrill, Robert Bortuzzo - PP : Robert Bortuzzo - PK : William Villeneuve, Ilya Solovyov
Penalty Shots
Raphael Lavoie, William Dufour, Semyon Der-Arguchintsev, Maxime Comtois, Alec Regula
% Time on Ice - Adelaide Pink Elephants
Lines # - Real PCT - Wanted PCT - Time Play
Normal Forward
1 - 27% - 30% - 12:14
2 - 27% - 30% - 12:15
3 - 26% - 25% - 11:46
4 - 20% - 15% - 8:51
Normal Defense
1 - 34% - 35% - 15:18
2 - 36% - 35% - 16:11
3 - 29% - 30% - 13:15
4 - 1% - 0% - 0:22
PP Forward
1 - 46% - 50% - 3:14
2 - 54% - 50% - 3:44
PP Defense
1 - 48% - 50% - 3:20
2 - 52% - 50% - 3:38
PK Forward
1 - 50% - 50% - 3:58
2 - 50% - 50% - 3:58
PK Defense
1 - 52% - 50% - 4:07
2 - 48% - 50% - 3:49
PK3 Forward
1 - 0% - 50%
2 - 0% - 50%
PK3 Defense
1 - 0% - 50%
2 - 0% - 50%
44 Forward
1 - 0% - 50%
2 - 0% - 50%
44 Defense
1 - 0% - 50%
2 - 0% - 50%
Last Minute Offensive - 0:00
Last Minute Defensive - 0:00
Total
Forward - 60:00
Defense - 60:00
|
% Time on Ice - Newfoundland Shamrocks
Lines # - Real PCT - Wanted PCT - Time Play
Normal Forward
1 - 29% - 30% - 12:53
2 - 29% - 30% - 13:00
3 - 25% - 25% - 11:03
4 - 18% - 15% - 8:10
Normal Defense
1 - 30% - 30% - 13:31
2 - 33% - 30% - 14:46
3 - 27% - 25% - 12:00
4 - 11% - 15% - 4:49
PP Forward
1 - 51% - 50% - 4:03
2 - 49% - 50% - 3:53
PP Defense
1 - 52% - 50% - 4:08
2 - 48% - 50% - 3:48
PK Forward
1 - 51% - 50% - 3:34
2 - 49% - 50% - 3:24
PK Defense
1 - 49% - 50% - 3:23
2 - 51% - 50% - 3:35
PK3 Forward
1 - 0% - 50%
2 - 0% - 50%
PK3 Defense
1 - 0% - 50%
2 - 0% - 50%
44 Forward
1 - 0% - 50%
2 - 0% - 50%
44 Defense
1 - 0% - 50%
2 - 0% - 50%
Last Minute Offensive - 0:00
Last Minute Defensive - 0:00
Total
Forward - 60:00
Defense - 60:00
|
Play-by-Play
1st period
0:01 of 1st period - Raphael Lavoie wins face-off versus Adam Gaudette in neutral zone.
0:01 of 1st period - Raphael Lavoie is hit by Adam Gaudette.
0:27 of 1st period - Jacob Bernard-Docker is hit by Nicolas Deslauriers and loses puck.
1:10 of 1st period - Snap shot by Axel Jonsson-Fjallby.
1:10 of 1st period - Shot Misses the Net.
1:12 of 1st period - Slapshot by Tristen Robins.
1:12 of 1st period - Stopped by Casey DeSmith with a rebound.
1:14 of 1st period - Slapshot by Zachary Jones.
1:14 of 1st period - Deflect By Ryan Suzuki.
1:14 of 1st period - Stopped by Casey DeSmith with a rebound.
1:16 of 1st period - Slapshot by Zachary Jones.
1:16 of 1st period - Stopped by Casey DeSmith with a rebound.
2:09 of 1st period - Snap shot by Aatu Raty.
2:09 of 1st period - Deflect By Akil Thomas.
2:09 of 1st period - Shot Misses the Net.
2:09 of 1st period - Puck is out of play.
2:10 of 1st period - Samuel Poulin wins face-off versus Aatu Raty in Newfoundland Shamrocks zone.
3:42 of 1st period - Slapshot by Aatu Raty.
3:42 of 1st period - Shot Misses the Net.
5:23 of 1st period - Robert Bortuzzo is hit by Tristen Robins and loses puck.
5:30 of 1st period - Axel Jonsson-Fjallby is hit by Maxime Comtois.
5:56 of 1st period - Minor Penalty to Adam Gaudette for Hooking.
5:57 of 1st period - Raphael Lavoie wins face-off versus Denis Gurianov in Adelaide Pink Elephants zone.
6:08 of 1st period - Wrist shot by Alex Chiasson.
6:08 of 1st period - Shot Misses the Net.
6:10 of 1st period - Snap shot by Raphael Lavoie.
6:10 of 1st period - Shot Misses the Net.
6:12 of 1st period - Wrist shot by Raphael Lavoie.
6:12 of 1st period - Stopped by Dustin Wolf with a rebound.
6:25 of 1st period - Off-side.
6:26 of 1st period - AJ Greer wins face-off versus Samuel Poulin in neutral zone.
6:29 of 1st period - Snap shot by Matthew Phillips.
6:29 of 1st period - Stopped by Casey DeSmith with a rebound.
6:37 of 1st period - Slapshot by Semyon Der-Arguchintsev.
6:37 of 1st period - Shot Blocked by AJ Greer.
7:56 of 1st period - Penalty to Adam Gaudette is over, Adam Gaudette is back on ice.
8:08 of 1st period - Snap shot by Adam Gaudette.
8:08 of 1st period - Shot Blocked by Peter Abbandonato.
8:10 of 1st period - Wrist shot by Adam Gaudette.
8:10 of 1st period - Shot Misses the Net.
8:38 of 1st period - Slapshot by AJ Greer.
8:38 of 1st period - Shot Misses the Net.
8:40 of 1st period - Wrist shot by Adam Gaudette.
8:40 of 1st period - Shot Blocked by Drew O'Connor.
8:48 of 1st period - Slapshot by Adam Gaudette.
8:48 of 1st period - Stopped by Casey DeSmith with a rebound.
8:50 of 1st period - Slapshot by Zachary Jones.
8:50 of 1st period - Shot Blocked by William Dufour.
9:02 of 1st period - Wrist shot by AJ Greer.
9:02 of 1st period - Stopped by Casey DeSmith without a rebound.
9:03 of 1st period - Matthew Phillips wins face-off versus Peter Abbandonato in Newfoundland Shamrocks zone.
9:45 of 1st period - Wrist shot by Ryan Suzuki.
9:45 of 1st period - Shot Blocked by Raphael Lavoie.
9:47 of 1st period - Snap shot by Axel Jonsson-Fjallby.
9:47 of 1st period - Stopped by Casey DeSmith with a rebound.
9:49 of 1st period - Slapshot by Nick Cicek.
9:49 of 1st period - Stopped by Casey DeSmith without a rebound.
9:50 of 1st period - Tristen Robins wins face-off versus Raphael Lavoie in Newfoundland Shamrocks zone.
9:57 of 1st period - Snap shot by Axel Jonsson-Fjallby.
9:57 of 1st period - Shot Misses the Net.
10:06 of 1st period - William Villeneuve and Nick Cicek fight to a draw.
10:06 of 1st period - Penalty to William Villeneuve for Fighting.
10:06 of 1st period - Penalty to Nick Cicek for Fighting.
10:07 of 1st period - Matthew Phillips wins face-off versus Raphael Lavoie in neutral zone.
10:23 of 1st period - Snap shot by Tyson Foerster.
10:23 of 1st period - Deflect By Matthew Phillips.
10:23 of 1st period - Stopped by Casey DeSmith without a rebound.
10:24 of 1st period - Semyon Der-Arguchintsev wins face-off versus Ryan Suzuki in Newfoundland Shamrocks zone.
10:29 of 1st period - Snap shot by Semyon Der-Arguchintsev.
10:29 of 1st period - Stopped by Dustin Wolf without a rebound.
10:30 of 1st period - Ryan Suzuki wins face-off versus Semyon Der-Arguchintsev in Adelaide Pink Elephants zone.
10:37 of 1st period - Wrist shot by Semyon Der-Arguchintsev.
10:37 of 1st period - Shot Misses the Net.
10:39 of 1st period - Snap shot by Semyon Der-Arguchintsev.
10:39 of 1st period - Shot Blocked by Robin Salo.
10:41 of 1st period - Snap shot by Semyon Der-Arguchintsev.
10:41 of 1st period - Shot Misses the Net.
10:43 of 1st period - Slapshot by Jon Merrill.
10:43 of 1st period - Stopped by Dustin Wolf with a rebound.
10:45 of 1st period - Slapshot by Alex Galchenyuk.
10:45 of 1st period - Stopped by Dustin Wolf with a rebound.
10:57 of 1st period - Snap shot by Peter Abbandonato.
10:57 of 1st period - Shot Blocked by Robin Salo.
10:59 of 1st period - Backhand shot by Dylan Coghlan.
10:59 of 1st period - Stopped by Dustin Wolf with a rebound.
11:05 of 1st period - Snap shot by Josh Archibald.
11:05 of 1st period - Stopped by Dustin Wolf without a rebound.
11:06 of 1st period - Matthew Phillips wins face-off versus Raphael Lavoie in Adelaide Pink Elephants zone.
11:25 of 1st period - Raphael Lavoie is hit by Fredrik Olofsson and loses puck.
11:48 of 1st period - Wrist shot by Alex Chiasson.
11:48 of 1st period - Shot Blocked by Ville Heinola.
11:50 of 1st period - Wrist shot by Raphael Lavoie.
11:50 of 1st period - Stopped by Dustin Wolf without a rebound.
11:51 of 1st period - Samuel Poulin wins face-off versus Adam Gaudette in Adelaide Pink Elephants zone.
11:55 of 1st period - Icing by Robin Salo.
11:56 of 1st period - Adam Gaudette wins face-off versus Samuel Poulin in Adelaide Pink Elephants zone.
11:56 of 1st period - Adam Gaudette is hit by Jon Merrill.
12:27 of 1st period - Snap shot by Josh Archibald.
12:27 of 1st period - Shot Misses the Net.
13:24 of 1st period - Matthew Phillips is hit by William Dufour and loses puck.
13:29 of 1st period - Snap shot by William Dufour.
13:29 of 1st period - Stopped by Dustin Wolf with a rebound.
13:49 of 1st period - Slapshot by Josh Archibald.
13:49 of 1st period - Stopped by Dustin Wolf with a rebound.
13:54 of 1st period - Off-side.
13:55 of 1st period - Raphael Lavoie wins face-off versus AJ Greer in neutral zone.
14:29 of 1st period - Snap shot by Josh Archibald.
14:29 of 1st period - Shot Misses the Net.
14:57 of 1st period - Samuel Poulin is hit by Axel Jonsson-Fjallby.
15:51 of 1st period - Matthew Phillips is hit by Nicolas Deslauriers and loses puck.
15:56 of 1st period - Snap shot by Nicolas Deslauriers.
15:56 of 1st period - Shot Blocked by Nick Cicek.
16:17 of 1st period - Nick Cicek is hit by Alec Regula and loses puck.
17:36 of 1st period - Samuel Poulin is hit by Tyler Madden and loses puck.
17:41 of 1st period - Snap shot by Aatu Raty.
17:41 of 1st period - Shot Misses the Net.
17:43 of 1st period - Wrist shot by Akil Thomas.
17:43 of 1st period - Stopped by Casey DeSmith with a rebound.
18:18 of 1st period - Jacob Bernard-Docker is hit by Nicolas Deslauriers and loses puck.
19:45 of 1st period - Icing by Josh Archibald.
19:46 of 1st period - Matthew Phillips wins face-off versus Raphael Lavoie in Newfoundland Shamrocks zone.
19:51 of 1st period - Snap shot by Matthew Phillips.
19:51 of 1st period - Stopped by Casey DeSmith with a rebound.
19:53 of 1st period - Snap shot by Fredrik Olofsson.
19:53 of 1st period - Shot Misses the Net.
19:55 of 1st period - Slapshot by Jacob Bernard-Docker.
19:55 of 1st period - Stopped by Casey DeSmith without a rebound.
19:56 of 1st period - Adam Gaudette wins face-off versus Raphael Lavoie in Newfoundland Shamrocks zone.
Goals for this period are 0 for Adelaide Pink Elephants vs 0 for Newfoundland Shamrocks.
Shots for this period are 12 for Adelaide Pink Elephants vs 9 for Newfoundland Shamrocks.
2nd period
0:01 of 2nd period - Peter Abbandonato wins face-off versus Adam Gaudette in neutral zone.
0:09 of 2nd period - Adam Gaudette beats up Peter Abbandonato.
0:09 of 2nd period - Penalty to Peter Abbandonato for Fighting.
0:09 of 2nd period - Penalty to Adam Gaudette for Fighting.
0:10 of 2nd period - Maxime Comtois wins face-off versus Matthew Phillips in Newfoundland Shamrocks zone.
1:01 of 2nd period - Tanner Laczynski is hit by Ryan Suzuki and loses puck.
1:23 of 2nd period - Icing by Matthew Phillips.
1:24 of 2nd period - Matthew Phillips wins face-off versus Samuel Poulin in Adelaide Pink Elephants zone.
1:24 of 2nd period - Matthew Phillips is hit by Samuel Poulin.
2:18 of 2nd period - Snap shot by Axel Jonsson-Fjallby.
2:18 of 2nd period - Goal by Axel Jonsson-Fjallby - Adelaide Pink Elephants : 1 - Newfoundland Shamrocks : 0.
2:19 of 2nd period - Alex Chiasson wins face-off versus Aatu Raty in neutral zone.
2:28 of 2nd period - Slapshot by Denis Gurianov.
2:28 of 2nd period - Shot Misses the Net.
2:30 of 2nd period - Wrist shot by AJ Greer.
2:30 of 2nd period - Stopped by Casey DeSmith without a rebound.
2:31 of 2nd period - Matthew Phillips wins face-off versus Raphael Lavoie in Newfoundland Shamrocks zone.
2:34 of 2nd period - Slapshot by Tyson Foerster.
2:34 of 2nd period - Stopped by Casey DeSmith with a rebound.
2:48 of 2nd period - Matthew Phillips is hit by Jon Merrill.
3:18 of 2nd period - AJ Greer is hit by Nicolas Deslauriers and loses puck.
3:23 of 2nd period - Snap shot by Nicolas Deslauriers.
3:23 of 2nd period - Shot Blocked by AJ Greer.
3:36 of 2nd period - Slapshot by Aatu Raty.
3:36 of 2nd period - Stopped by Casey DeSmith without a rebound.
3:37 of 2nd period - Aatu Raty wins face-off versus Semyon Der-Arguchintsev in Newfoundland Shamrocks zone.
3:50 of 2nd period - Snap shot by Semyon Der-Arguchintsev.
3:50 of 2nd period - Shot Blocked by Aatu Raty.
3:52 of 2nd period - Slapshot by Ilya Solovyov.
3:52 of 2nd period - Stopped by Dustin Wolf with a rebound.
3:54 of 2nd period - Wrist shot by Alex Galchenyuk.
3:54 of 2nd period - Shot Misses the Net.
3:56 of 2nd period - Wrist shot by Alex Galchenyuk.
3:56 of 2nd period - Shot Blocked by Aatu Raty.
3:58 of 2nd period - Snap shot by Alex Galchenyuk.
3:58 of 2nd period - Shot Blocked by Tyler Madden.
4:00 of 2nd period - Wrist shot by Tanner Laczynski.
4:00 of 2nd period - Stopped by Dustin Wolf with a rebound.
4:06 of 2nd period - Wrist shot by Alex Galchenyuk.
4:06 of 2nd period - Shot Blocked by Zachary Jones.
4:10 of 2nd period - Snap shot by Semyon Der-Arguchintsev.
4:10 of 2nd period - Deflect By Alex Galchenyuk.
4:10 of 2nd period - Shot Misses the Net.
4:10 of 2nd period - Puck is out of play.
4:11 of 2nd period - Maxime Comtois wins face-off versus Akil Thomas in Adelaide Pink Elephants zone.
4:36 of 2nd period - Jon Merrill is hit by Fredrik Olofsson and loses puck.
5:29 of 2nd period - Matthew Phillips is hit by William Dufour and loses puck.
6:14 of 2nd period - Aatu Raty is hit by Maxime Comtois.
7:16 of 2nd period - Dylan Coghlan is hit by Aatu Raty and loses puck.
7:59 of 2nd period - Fredrik Olofsson is hit by Maxime Comtois and loses puck.
8:10 of 2nd period - Aatu Raty is hit by Alex Galchenyuk and loses puck.
8:25 of 2nd period - Snap shot by Axel Jonsson-Fjallby.
8:25 of 2nd period - Shot Misses the Net.
8:29 of 2nd period - Slapshot by Ryan Suzuki.
8:29 of 2nd period - Goal by Ryan Suzuki - Adelaide Pink Elephants : 2 - Newfoundland Shamrocks : 0.
8:30 of 2nd period - Raphael Lavoie wins face-off versus Matthew Phillips in neutral zone.
8:45 of 2nd period - Wrist shot by Fredrik Olofsson.
8:45 of 2nd period - Stopped by Casey DeSmith with a rebound.
8:51 of 2nd period - Minor Penalty to Maxime Comtois for High sticking.
8:52 of 2nd period - Denis Gurianov wins face-off versus Josh Archibald in Newfoundland Shamrocks zone.
8:53 of 2nd period - Slapshot by AJ Greer.
8:53 of 2nd period - Stopped by Casey DeSmith with a rebound.
10:51 of 2nd period - Penalty to Maxime Comtois is over, Maxime Comtois is back on ice.
11:45 of 2nd period - Axel Jonsson-Fjallby is hit by Raphael Lavoie and loses puck.
12:18 of 2nd period - Benjamin Gleason is hit by Drew O'Connor and loses puck.
13:23 of 2nd period - Off-side.
13:24 of 2nd period - Matthew Phillips wins face-off versus Raphael Lavoie in neutral zone.
13:35 of 2nd period - Snap shot by Matthew Phillips.
13:35 of 2nd period - Shot Misses the Net.
13:37 of 2nd period - Wrist shot by Tyson Foerster.
13:37 of 2nd period - Deflect By Matthew Phillips.
13:37 of 2nd period - Deflect By Raphael Lavoie.
13:37 of 2nd period - Shot Blocked by Jon Merrill.
13:37 of 2nd period - Puck is out of play.
13:38 of 2nd period - Peter Abbandonato wins face-off versus Adam Gaudette in Newfoundland Shamrocks zone.
13:38 of 2nd period - Peter Abbandonato is hit by Adam Gaudette.
13:44 of 2nd period - Snap shot by Denis Gurianov.
13:44 of 2nd period - Shot Hit the Post.
13:46 of 2nd period - Wrist shot by Denis Gurianov.
13:46 of 2nd period - Shot Misses the Net.
13:48 of 2nd period - Snap shot by AJ Greer.
13:48 of 2nd period - Shot Misses the Net.
13:50 of 2nd period - Slapshot by Zachary Jones.
13:50 of 2nd period - Shot Misses the Net.
13:52 of 2nd period - Wrist shot by AJ Greer.
13:52 of 2nd period - Stopped by Casey DeSmith with a rebound.
14:04 of 2nd period - Maxime Comtois is hit by Tyson Foerster.
14:28 of 2nd period - Benjamin Gleason is hit by Samuel Poulin and loses puck.
15:25 of 2nd period - William Villeneuve is hit by Fredrik Olofsson and loses puck.
15:32 of 2nd period - Snap shot by Matthew Phillips.
15:32 of 2nd period - Stopped by Casey DeSmith with a rebound.
15:34 of 2nd period - Snap shot by Fredrik Olofsson.
15:34 of 2nd period - Stopped by Casey DeSmith without a rebound.
15:35 of 2nd period - Matthew Phillips wins face-off versus Samuel Poulin in Newfoundland Shamrocks zone.
15:36 of 2nd period - Wrist shot by Tyson Foerster.
15:36 of 2nd period - Goal by Tyson Foerster - Adelaide Pink Elephants : 3 - Newfoundland Shamrocks : 0.
15:37 of 2nd period - Peter Abbandonato wins face-off versus Adam Gaudette in neutral zone.
15:39 of 2nd period - Minor Penalty to Nicolas Deslauriers for Boarding.
15:40 of 2nd period - Matthew Phillips wins face-off versus Drew O'Connor in Newfoundland Shamrocks zone.
15:42 of 2nd period - Snap shot by Fredrik Olofsson.
15:42 of 2nd period - Stopped by Casey DeSmith without a rebound.
15:43 of 2nd period - Matthew Phillips wins face-off versus Tanner Laczynski in Newfoundland Shamrocks zone.
15:50 of 2nd period - Backhand shot by Matthew Phillips.
15:50 of 2nd period - Shot Blocked by Dylan Coghlan.
16:08 of 2nd period - Slapshot by Ville Heinola.
16:08 of 2nd period - Shot Blocked by Josh Archibald.
16:26 of 2nd period - Snap shot by Matthew Phillips.
16:26 of 2nd period - Shot Misses the Net.
16:28 of 2nd period - Wrist shot by Matthew Phillips.
16:28 of 2nd period - Shot Blocked by Dylan Coghlan.
16:30 of 2nd period - Slapshot by Zachary Jones.
16:30 of 2nd period - Deflect By Josh Archibald.
16:30 of 2nd period - Stopped by Casey DeSmith with a rebound.
16:40 of 2nd period - Slapshot by Matthew Phillips.
16:40 of 2nd period - Goal by Matthew Phillips - Adelaide Pink Elephants : 4 - Newfoundland Shamrocks : 0.
16:41 of 2nd period - AJ Greer wins face-off versus Drew O'Connor in neutral zone.
16:52 of 2nd period - Snap shot by Denis Gurianov.
16:52 of 2nd period - Shot Misses the Net.
17:06 of 2nd period - Raphael Lavoie is hit by Robin Salo and loses puck.
17:20 of 2nd period - Jon Merrill is hit by Benjamin Gleason and loses puck.
17:29 of 2nd period - Minor Penalty to Axel Jonsson-Fjallby for Slashing.
17:30 of 2nd period - Matthew Phillips wins face-off versus William Dufour in Adelaide Pink Elephants zone.
17:34 of 2nd period - Off-side.
17:35 of 2nd period - Samuel Poulin wins face-off versus Matthew Phillips in neutral zone.
17:40 of 2nd period - AJ Greer is hit by Semyon Der-Arguchintsev and loses puck.
17:45 of 2nd period - Snap shot by Nicolas Deslauriers.
17:45 of 2nd period - Stopped by Dustin Wolf without a rebound.
17:46 of 2nd period - Matthew Phillips wins face-off versus Raphael Lavoie in Adelaide Pink Elephants zone.
19:13 of 2nd period - Icing by William Dufour.
19:14 of 2nd period - William Dufour wins face-off versus Denis Gurianov in Newfoundland Shamrocks zone.
19:29 of 2nd period - Penalty to Axel Jonsson-Fjallby is over, Axel Jonsson-Fjallby is back on ice.
19:43 of 2nd period - Slapshot by Ville Heinola.
19:43 of 2nd period - Deflect By Tyler Madden.
19:43 of 2nd period - Shot Misses the Net.
19:43 of 2nd period - Puck is out of play.
19:44 of 2nd period - Aatu Raty wins face-off versus Samuel Poulin in Newfoundland Shamrocks zone.
19:50 of 2nd period - Nick Cicek beats up Robert Bortuzzo.
19:50 of 2nd period - Penalty to Robert Bortuzzo for Fighting.
19:50 of 2nd period - Penalty to Nick Cicek for Fighting.
19:51 of 2nd period - Matthew Phillips wins face-off versus Peter Abbandonato in neutral zone.
19:59 of 2nd period - Minor Penalty to Tyson Foerster for Holding.
Goals for this period are 4 for Adelaide Pink Elephants vs 0 for Newfoundland Shamrocks.
Shots for this period are 14 for Adelaide Pink Elephants vs 3 for Newfoundland Shamrocks.
Goals for this period are 4 for Adelaide Pink Elephants vs 0 for Newfoundland Shamrocks.
Shots for this period are 14 for Adelaide Pink Elephants vs 3 for Newfoundland Shamrocks.
3rd period
0:01 of 3rd period - Raphael Lavoie wins face-off versus AJ Greer in neutral zone.
0:26 of 3rd period - Benjamin Gleason is hit by William Dufour and loses puck.
0:42 of 3rd period - Ville Heinola is hit by Nicolas Deslauriers and loses puck.
1:21 of 3rd period - William Dufour is hit by AJ Greer and loses puck.
1:59 of 3rd period - Penalty to Tyson Foerster is over, Tyson Foerster is back on ice.
2:18 of 3rd period - Wrist shot by Matthew Phillips.
2:18 of 3rd period - Shot Misses the Net.
2:20 of 3rd period - Wrist shot by Tyson Foerster.
2:20 of 3rd period - Shot Misses the Net.
2:22 of 3rd period - Snap shot by Matthew Phillips.
2:22 of 3rd period - Shot Misses the Net.
2:24 of 3rd period - Wrist shot by Zachary Jones.
2:24 of 3rd period - Shot Blocked by Dylan Coghlan.
2:28 of 3rd period - Snap shot by AJ Greer.
2:28 of 3rd period - Shot Misses the Net.
2:30 of 3rd period - Wrist shot by Matthew Phillips.
2:30 of 3rd period - Shot Blocked by Dylan Coghlan.
2:32 of 3rd period - Wrist shot by Robin Salo.
2:32 of 3rd period - Stopped by Casey DeSmith without a rebound.
2:33 of 3rd period - Semyon Der-Arguchintsev wins face-off versus Ryan Suzuki in Newfoundland Shamrocks zone.
2:35 of 3rd period - Minor Penalty to Alex Galchenyuk for Interference.
2:36 of 3rd period - Matthew Phillips wins face-off versus Drew O'Connor in Newfoundland Shamrocks zone.
2:40 of 3rd period - Wrist shot by Fredrik Olofsson.
2:40 of 3rd period - Shot Misses the Net.
2:42 of 3rd period - Slapshot by Jacob Bernard-Docker.
2:42 of 3rd period - Stopped by Casey DeSmith with a rebound.
2:56 of 3rd period - Robin Salo is hit by Josh Archibald and loses puck.
3:09 of 3rd period - Peter Abbandonato is hit by Matthew Phillips and loses puck.
4:31 of 3rd period - AJ Greer is hit by Maxime Comtois.
4:35 of 3rd period - Penalty to Alex Galchenyuk is over, Alex Galchenyuk is back on ice.
4:43 of 3rd period - Wrist shot by Nicolas Deslauriers.
4:43 of 3rd period - Stopped by Dustin Wolf with a rebound.
4:47 of 3rd period - Snap shot by Alex Chiasson.
4:47 of 3rd period - Deflect By Maxime Comtois.
4:47 of 3rd period - Goal by Maxime Comtois - Adelaide Pink Elephants : 4 - Newfoundland Shamrocks : 1.
4:48 of 3rd period - Peter Abbandonato wins face-off versus Matthew Phillips in neutral zone.
4:51 of 3rd period - Snap shot by Josh Archibald.
4:51 of 3rd period - Shot Blocked by Benjamin Gleason.
5:00 of 3rd period - Matthew Phillips is hit by Dylan Coghlan and loses puck.
5:55 of 3rd period - Snap shot by Samuel Poulin.
5:55 of 3rd period - Stopped by Dustin Wolf without a rebound.
5:56 of 3rd period - Samuel Poulin wins face-off versus Ryan Suzuki in Adelaide Pink Elephants zone.
6:09 of 3rd period - Slapshot by Ville Heinola.
6:09 of 3rd period - Deflect By Samuel Poulin.
6:09 of 3rd period - Stopped by Casey DeSmith without a rebound.
6:10 of 3rd period - Raphael Lavoie wins face-off versus Adam Gaudette in Newfoundland Shamrocks zone.
6:15 of 3rd period - Snap shot by Alex Chiasson.
6:15 of 3rd period - Stopped by Dustin Wolf without a rebound.
6:16 of 3rd period - Adam Gaudette wins face-off versus Raphael Lavoie in Adelaide Pink Elephants zone.
6:16 of 3rd period - Adam Gaudette is hit by Raphael Lavoie.
6:24 of 3rd period - Wrist shot by Raphael Lavoie.
6:24 of 3rd period - Shot Misses the Net.
6:29 of 3rd period - Raphael Lavoie and Ville Heinola fight to a draw.
6:29 of 3rd period - Penalty to Raphael Lavoie for Fighting.
6:29 of 3rd period - Penalty to Ville Heinola for Fighting.
6:30 of 3rd period - Adam Gaudette wins face-off versus Peter Abbandonato in Adelaide Pink Elephants zone.
6:41 of 3rd period - Snap shot by Josh Archibald.
6:41 of 3rd period - Stopped by Dustin Wolf without a rebound.
6:42 of 3rd period - Samuel Poulin wins face-off versus Adam Gaudette in Adelaide Pink Elephants zone.
7:09 of 3rd period - William Villeneuve is hit by Matthew Phillips.
7:19 of 3rd period - Snap shot by Nicolas Deslauriers.
7:19 of 3rd period - Stopped by Dustin Wolf with a rebound.
7:55 of 3rd period - Wrist shot by Alex Chiasson.
7:55 of 3rd period - Shot Misses the Net.
7:57 of 3rd period - Slapshot by William Villeneuve.
7:57 of 3rd period - Deflect By Maxime Comtois.
7:57 of 3rd period - Stopped by Dustin Wolf with a rebound.
8:25 of 3rd period - Minor Penalty to Nicolas Deslauriers for Tripping.
8:26 of 3rd period - Tanner Laczynski wins face-off versus Adam Gaudette in Newfoundland Shamrocks zone.
8:43 of 3rd period - Slapshot by Drew O'Connor.
8:43 of 3rd period - Shot Blocked by Adam Gaudette.
8:53 of 3rd period - Wrist shot by Drew O'Connor.
8:53 of 3rd period - Shot Blocked by AJ Greer.
9:24 of 3rd period - Drew O'Connor is hit by Robin Salo and loses puck.
9:39 of 3rd period - Fredrik Olofsson is hit by Peter Abbandonato.
10:25 of 3rd period - Penalty to Nicolas Deslauriers is over, Nicolas Deslauriers is back on ice.
10:39 of 3rd period - Alex Chiasson is hit by Tristen Robins and loses puck.
12:28 of 3rd period - Maxime Comtois is hit by Tristen Robins and loses puck.
12:43 of 3rd period - Snap shot by Semyon Der-Arguchintsev.
12:43 of 3rd period - Shot Misses the Net.
12:45 of 3rd period - Snap shot by Alex Galchenyuk.
12:45 of 3rd period - Deflect By Semyon Der-Arguchintsev.
12:45 of 3rd period - Shot Misses the Net.
12:45 of 3rd period - Puck is out of play.
12:46 of 3rd period - Peter Abbandonato wins face-off versus Adam Gaudette in Adelaide Pink Elephants zone.
12:50 of 3rd period - Minor Penalty to AJ Greer for Interference.
12:51 of 3rd period - Raphael Lavoie wins face-off versus Denis Gurianov in Adelaide Pink Elephants zone.
12:51 of 3rd period - Wrist shot by Alex Chiasson.
12:51 of 3rd period - Stopped by Dustin Wolf without a rebound.
12:52 of 3rd period - Denis Gurianov wins face-off versus Raphael Lavoie in Adelaide Pink Elephants zone.
12:59 of 3rd period - Slapshot by Maxime Comtois.
12:59 of 3rd period - Shot Misses the Net.
13:01 of 3rd period - Wrist shot by Maxime Comtois.
13:01 of 3rd period - Stopped by Dustin Wolf without a rebound.
13:02 of 3rd period - Matthew Phillips wins face-off versus Raphael Lavoie in Adelaide Pink Elephants zone.
13:17 of 3rd period - Snap shot by Alex Chiasson.
13:17 of 3rd period - Shot Misses the Net.
14:14 of 3rd period - Icing by Ilya Solovyov.
14:15 of 3rd period - Matthew Phillips wins face-off versus Samuel Poulin in Newfoundland Shamrocks zone.
14:30 of 3rd period - Wrist shot by Alex Chiasson.
14:30 of 3rd period - Shot Misses the Net.
14:50 of 3rd period - Penalty to AJ Greer is over, AJ Greer is back on ice.
14:54 of 3rd period - Wrist shot by Josh Archibald.
14:54 of 3rd period - Stopped by Dustin Wolf with a rebound.
14:56 of 3rd period - Wrist shot by Nicolas Deslauriers.
14:56 of 3rd period - Shot Misses the Net.
14:58 of 3rd period - Snap shot by Peter Abbandonato.
14:58 of 3rd period - Deflect By Nicolas Deslauriers.
14:58 of 3rd period - Shot Misses the Net.
14:58 of 3rd period - Puck is out of play.
14:59 of 3rd period - Ryan Suzuki wins face-off versus Peter Abbandonato in Adelaide Pink Elephants zone.
15:22 of 3rd period - Snap shot by Akil Thomas.
15:22 of 3rd period - Shot Misses the Net.
15:24 of 3rd period - Wrist shot by Aatu Raty.
15:24 of 3rd period - Stopped by Casey DeSmith without a rebound.
15:25 of 3rd period - Matthew Phillips wins face-off versus Raphael Lavoie in Newfoundland Shamrocks zone.
15:59 of 3rd period - Snap shot by Denis Gurianov.
15:59 of 3rd period - Shot Misses the Net.
16:37 of 3rd period - Snap shot by Alex Galchenyuk.
16:37 of 3rd period - Goal by Alex Galchenyuk - Adelaide Pink Elephants : 4 - Newfoundland Shamrocks : 2.
16:38 of 3rd period - Ryan Suzuki wins face-off versus Samuel Poulin in neutral zone.
16:41 of 3rd period - William Dufour is hit by Ryan Suzuki and loses puck.
16:48 of 3rd period - Snap shot by Ryan Suzuki.
16:48 of 3rd period - Shot Misses the Net.
16:50 of 3rd period - Snap shot by Robin Salo.
16:50 of 3rd period - Stopped by Casey DeSmith with a rebound.
17:06 of 3rd period - Wrist shot by Aatu Raty.
17:06 of 3rd period - Shot Misses the Net.
17:52 of 3rd period - Snap shot by Maxime Comtois.
17:52 of 3rd period - Stopped by Dustin Wolf without a rebound.
17:53 of 3rd period - Adam Gaudette wins face-off versus William Dufour in Adelaide Pink Elephants zone.
17:53 of 3rd period - William Dufour beats up AJ Greer.
17:53 of 3rd period - Penalty to William Dufour for Fighting.
17:53 of 3rd period - Penalty to AJ Greer for Fighting.
17:54 of 3rd period - Samuel Poulin wins face-off versus Ryan Suzuki in Adelaide Pink Elephants zone.
18:10 of 3rd period - Snap shot by Axel Jonsson-Fjallby.
18:10 of 3rd period - Shot Misses the Net.
18:20 of 3rd period - Akil Thomas is hit by Tanner Laczynski and loses puck.
18:43 of 3rd period - Snap shot by Denis Gurianov.
18:43 of 3rd period - Shot Misses the Net.
18:45 of 3rd period - Snap shot by Denis Gurianov.
18:45 of 3rd period - Shot Misses the Net.
18:49 of 3rd period - Snap shot by Denis Gurianov.
18:49 of 3rd period - Shot Misses the Net.
18:51 of 3rd period - Snap shot by Adam Gaudette.
18:51 of 3rd period - Shot Hit the Post.
19:21 of 3rd period - Wrist shot by Dylan Coghlan.
19:21 of 3rd period - Deflect By Drew O'Connor.
19:21 of 3rd period - Stopped by Dustin Wolf without a rebound.
19:22 of 3rd period - Nicolas Deslauriers wins face-off versus Ryan Suzuki in Adelaide Pink Elephants zone.
19:33 of 3rd period - Slapshot by Nicolas Deslauriers.
19:33 of 3rd period - Shot Misses the Net.
19:49 of 3rd period - Josh Archibald is hit by Ville Heinola and loses puck.
Goals for this period are 0 for Adelaide Pink Elephants vs 2 for Newfoundland Shamrocks.
Shots for this period are 5 for Adelaide Pink Elephants vs 13 for Newfoundland Shamrocks.
Back to the Top